 Dungeon Crawl Stone Soup version 0.27-a0-95-g5a9077b8ae (webtiles) character file.

Game seed: 9380669569846560442

23996 kae the Martial Artist (level 12, -23/98 HPs)
             Began as a Demonspawn Monk on Jan 18, 2021.
             Was the Champion of Wu Jian.
             Killed from afar by a lindwurm (27 damage)
             ... with a blast of flame
             ... summoned by Kirke
             ... while paralysed by a sphinx
             ... on level 3 of the Lair of Beasts.
             The game lasted 00:17:07 (18388 turns).

kae the Martial Artist (Demonspawn Monk)           Turns: 18388, Time: 00:17:08

Health: -23/98     AC:  0    Str: 18    XL:     12   Next: 76%
Magic:  16/16      EV:  3    Int: 10    God:    Wu Jian [******]
Gold:   187        SH:  0    Dex: 16    Spells: 7/17 levels left

rFire    . . .     SeeInvis .     - Unarmed
rCold    . . .     Faith    .   (shield currently unavailable)
rNeg     . . .     Spirit   .   (armour currently unavailable)
rPois    .         Reflect  .   (helmet currently unavailable)
rElec    .         Harm     .   (cloak currently unavailable)
rCorr    .         Rampage  .   (gloves currently unavailable)
Will     .....                  (boots currently unavailable)
Stlth    ++........             k - amulet of regeneration
HPRegen  0.66/turn              (ring currently unavailable)
MPRegen  0.15/turn              (ring currently unavailable)

@: paralysed, pig-form, very quick
A: small, rugged brown scales 1, demonic guardian 2, dopey 1, strong 1
a: Renounce Religion, Wall Jump, Serpent's Lash, Heavenly Storm


You were on level 3 of the Lair of Beasts.
You worshipped Wu Jian.
Wu Jian was exalted by your worship.
You were a filthy swine.
You visited 3 branches of the dungeon, and saw 16 of its levels.

You collected 989 gold pieces.
You spent 802 gold pieces at shops.

Inventory:

Armour
 a - a +0 robe
 g - a +2 pair of gloves (melded)
 z - a +3 chain mail (melded)
Jewellery
 b - a +6 ring of intelligence
 k - an amulet of regeneration (around neck)
 o - an uncursed ring of ice
 t - a +4 ring of protection (melded)
 x - a +6 ring of intelligence
 E - a cursed ring of poison resistance (melded)
Wands
 e - a wand of paralysis (12)
 h - a wand of digging (14)
 p - a wand of iceblast (25)
 r - a wand of acid (26)
 D - a wand of enslavement (6)
 G - a wand of disintegration (26)
Scrolls
 f - 7 scrolls of remove curse
 i - 7 scrolls of teleportation
 n - 3 scrolls of blinking
 s - 5 scrolls of amnesia
 v - 4 scrolls of magic mapping
 y - a scroll of fear
 C - a scroll of enchant weapon
 H - a scroll of brand weapon {unknown}
Potions
 c - 3 potions of flight
 d - 2 potions of might
 j - 2 potions of attraction
 l - 4 potions of brilliance
 m - 3 potions of curing
 q - 3 potions of degeneration
 u - a potion of cancellation
 w - 4 potions of haste
 A - 2 potions of ambrosia
 B - a potion of magic
 F - 2 potions of lignification


   Skills:
 + Level 9.5 Fighting
 + Level 8.3 Armour
 + Level 8.6 Dodging
 - Level 1.7 Stealth
 * Level 11.8 Unarmed Combat
 + Level 3.0 Spellcasting
 * Level 7.2 Transmutations


You had 7 spell levels left.
You knew the following spells:

 Your Spells              Type           Power        Failure   Level
a - Petrify               Tmut/Erth      8%           54%         4
b - Statue Form           Tmut/Erth      5%           100%        6

Your spell library contained the following spells:

 Spells                   Type           Power        Failure   Level
 Corona                   Hex            1%           28%         1
 Magic Dart               Conj           4%           28%         1
 Blink                    Tloc           N/A          38%         2
 Call Imp                 Summ           1%           38%         2
 Ensorcelled Hibernation  Hex/Ice        2%           38%         2
 Slow                     Hex            1%           38%         2
 Confusing Touch          Hex            1%           63%         3
 Conjure Flame            Conj/Fire      1%           63%         3
 Dazzling Flash           Conj/Hex       2%           63%         3
 Gell's Gravitas          Tloc           0%           63%         3
 Mephitic Cloud           Conj/Pois/Air  1%           63%         3
 Tukima's Dance           Hex            1%           63%         3
 Irradiate                Conj/Tmut      4%           87%         5
 Yara's Violent Unravell  Hex/Tmut       4%           87%         5
 Hydra Form               Tmut           8%           91%         6
 Metabolic Englaciation   Hex/Ice        0%           100%        5
 Dragon Form              Tmut           8%           100%        7


Dungeon Overview and Level Annotations

Branches:
Dungeon (11/15)            Temple (1/1) D:4            Lair (4/6) D:9
  Swamp (0/4) Lair:3        Snake (0/4) Lair:2
    Orc: D:9-12

Altars:
Ashenzari
Cheibriados
Dithmenos
Elyvilon
Fedhas
Gozag
Hepliaklqana
Kikubaaqudgha
Makhleb
Nemelex Xobeh
Okawaru
Qazlal
Ru
Sif Muna
Trog
Uskayaw
Vehumet
Wu Jian
Xom
Yredelemnul
Zin
The Shining One
Beogh

Shops:
D:4 :   D:9 *

Annotations:
D:4 Pikel
D:7 Harold
Lair:3 Kirke


Innate Abilities, Weirdness & Mutations

((You have a pair of horns on your head.))
(You are partially covered in rugged brown scales. (AC +1, +3% HP))
A demonic guardian rushes to your aid.
((You are mostly covered in sharp spines.))
((You have sharp fingernails.))
((Armour fits poorly on your strangely shaped body.))
You are dopey. (Int -2)
Your muscles are strong. (Str +2)


Message History

The blast of flame misses you.
The sphinx is engulfed in a cloud of scalding steam.
The sphinx mumbles some strange words.
Something smites you!
* * * LOW HITPOINT WARNING * * *
The lindwurm breathes flames at you. The blast of flame misses you.
Kirke casts a spell at herself.
Kirke flickers and vanishes!
Deactivating autopickup; reactivate with Ctrl-A.
The sphinx mumbles some strange words.
You suddenly lose the ability to move!
The sphinx mumbles some strange words.
Something smites you!
* * * LOW HITPOINT WARNING * * *
The sphinx mumbles some strange words.
You struggle to resist.
The lindwurm breathes flames at you. The blast of flame hits you!!
You die...

.....+..###........#
......#####.......## ### .....##
#........# #.#### ###'##
#######.### ♣♣.♣.♣ #.# #.#.##
♣≈♣≈♣ ##.# #..#.#♣♣♣≈≈≈♣♣♣ ##..#
#########..##.♣♣≈≈≈§§≈♣♣
#.#.####.##P..##....♣♣≈§§≈§≈≈≈♣♣#
#.#.#.##..#.....h...♣≈≈≈§>§≈≈♣♣.#
...............kHH..♣♣≈≈§§§≈§♣♣.#
#..#.#.###.......{..♣≈♣≈§§§≈♣♣...
..####.# ##..........♣♣♣§§≈≈♣♣...
#..# ### #...........♣≈♣≈♣≈♣....
#.## #..........######♣'...# #.P#
#..........# #.#.#### #.##
####.P..#.## ##<.# #.###
#.....### ##...#


You could see 2 sphinxes and a lindwurm (summoned, catching breath).

Vanquished Creatures
  A hydra (Lair:3)
  An unseen horror (D:10)
  2 elephants (Lair:4)
  3 cane toads
  A torpor snail (Lair:4)
  5 rime drakes
  3 komodo dragons
  A troll (D:11)
  Grinder (D:6)
  A hornet (D:10)
  A slime creature (Lair:1)
  2 dream sheep (Lair:4)
  2 blink frogs (Lair:3)
  3 wyverns
  A wraith (D:11)
  14 yaks
  Eustachio (D:4)
  4 hogs (Lair:4)
  6 vampire mosquitoes (Lair:3)
  A basilisk (Lair:1)
  3 nagas (Lair:2)
  9 water moccasins
  2 black bears
  An ice beast (D:6)
  4 orc warriors
  2 sky beasts (D:6)
  A phantom (D:8)
  6 ogres
  2 eyes of draining (D:9)
  9 wolves (Lair:1)
  6 centaurs
  2 necrophages
  A lemure (D:3)
  2 big kobolds
  4 bullfrogs
  4 gnoll sergeants
  A water moccasin zombie (D:5)
  A wyvern skeleton (D:8)
  2 scorpions
  2 howler monkeys
  3 killer bees
  12 wights
  2 electric eels (Lair:3)
  A centaur skeleton (D:9)
  11 hounds
  10 jellies
  6 orc priests
  A centaur zombie (D:4)
  2 gnoll shamans (D:7)
  Terence (D:2)
  3 iguanas
  13 orc wizards
  8 worker ants
  A hound zombie (D:5)
  A hound skeleton (D:4)
  A worker ant zombie (D:10)
  20 adders
  29 gnolls
  A shadow imp (D:5)
  5 white imps
  2 ufetubi
  14 oozes
  4 adder skeletons
  An adder zombie (D:7)
  7 worms
  A dart slug (D:1)
  6 leopard geckos
  55 orcs
  2 ball pythons
  3 giant cockroaches
  8 goblins
  7 hobgoblins
  36 jackals
  4 quokkas
  6 bats
  9 frilled lizards
  A jackal skeleton (D:5)
  A jackal zombie (D:6)
  17 kobolds
  A leopard gecko zombie (D:7)
  2 quokka skeletons
  A quokka zombie (D:9)
  9 rats
  A butterfly (Lair:4)
447 creatures vanquished.

Vanquished Creatures (collateral kills)
  4 two-headed ogres
  A black mamba (Lair:1)
  A cyclops (D:11)
  2 elephants (Lair:4)
  Joseph (D:9)
  2 cane toads (Lair:3)
  3 blink frogs (Lair:3)
  12 yaks
  3 hogs (Lair:4)
  2 water moccasins
  A naga (Lair:2)
  An orc warrior (D:11)
  A black bear (D:9)
  2 wolves (Lair:1)
  A bullfrog (D:9)
  A scorpion (D:9)
  2 wights (D:6)
  A jelly (Lair:1)
  A hound (D:6)
  5 oozes (Lair:1)
47 creatures vanquished.

Vanquished Creatures (others)
  7 fungi
  12 plants
19 creatures vanquished.

Grand Total: 513 creatures vanquished

Notes
Turn   | Place    | Note
-------+----------+-------------------------------------------
     0 | D:1      | kae the Demonspawn Monk began the quest for the Orb.
     0 | D:1      | Reached XP level 1. HP: 18/18 MP: 1/1
   514 | D:1      | Gained mutation: You have a pair of small horns on your
                  | head. [demonic ancestry]
   514 | D:1      | Reached XP level 2. HP: 11/24 MP: 2/2
   520 | D:1      | Reached skill level 3 in Unarmed Combat
  1196 | D:1      | Gained mutation: You have a pair of horns on your head.
                  | [demonic ancestry]
  1196 | D:1      | Reached XP level 3. HP: 28/29 MP: 3/3
  1433 | D:2      | Reached skill level 1 in Armour
  1930 | D:1      | Gained mutation: You are partially covered in rugged brown
                  | scales. (AC +1, +3% HP) [demonic ancestry]
  1930 | D:1      | Reached XP level 4. HP: 29/36 MP: 4/4
  2968 | D:2      | Reached XP level 5. HP: 32/43 MP: 5/5
  3305 | D:2      | Noticed Terence
  3320 | D:2      | Killed Terence
  3321 | D:2      | Reached skill level 4 in Unarmed Combat
  4698 | D:4      | Reached XP level 6. HP: 48/49 MP: 6/6
  4929 | D:4      | Found a staircase to the Ecumenical Temple.
  4958 | D:4      | Noticed Pikel
  5911 | D:4      | Found Duijirun's Book Shoppe.
  5918 | D:4      | Noticed Eustachio
  5938 | D:4      | Killed Eustachio
  5939 | D:4      | Reached skill level 5 in Unarmed Combat
  5939 | D:4      | Gained mutation: You are partially covered in sharp spines.
                  | [demonic ancestry]
  5939 | D:4      | Reached XP level 7. HP: 35/55 MP: 7/7
  6231 | Temple   | Entered the Ecumenical Temple
  6487 | Temple   | Became a worshipper of the Wu Jian Council
  6487 | Temple   | Reached * piety under Wu Jian
  6487 | Temple   | Reached ** piety under Wu Jian
  6552 | D:5      | Entered Level 5 of the Dungeon
  7093 | D:5      | Reached skill level 5 in Fighting
  7154 | D:5      | Reached skill level 6 in Unarmed Combat
  7437 | D:5      | Gained mutation: A weak demonic guardian rushes to your
                  | aid. [demonic ancestry]
  7437 | D:5      | Reached XP level 8. HP: 57/63 MP: 8/8
  7797 | D:6      | Noticed Grinder
  7807 | D:6      | Paralysed by Grinder for 4 turns
  7811 | D:6      | Killed Grinder
  7819 | D:6      | Reached skill level 5 in Dodging
  7851 | D:6      | Reached skill level 7 in Unarmed Combat
  7880 | D:6      | Reached *** piety under Wu Jian
  7904 | D:6      | HP: 2/63 [orc warrior/+1 mace of draining (5)]
  8157 | D:6      | Gained mutation: A demonic guardian rushes to your aid.
                  | [demonic ancestry]
  8157 | D:6      | Reached XP level 9. HP: 53/71 MP: 9/9
  8783 | D:6      | Found a burning altar of Makhleb.
  8842 | D:6      | Learned a level 4 spell: Petrify
  9276 | D:7      | Reached skill level 5 in Armour
  9278 | D:7      | Reached skill level 8 in Unarmed Combat
  9283 | D:6      | Reached skill level 1 in Transmutations
  9460 | D:7      | Reached **** piety under Wu Jian
 10026 | D:7      | Noticed Harold
 10716 | D:8      | Reached XP level 10. HP: 64/81 MP: 10/10
 11122 | D:9      | Reached ***** piety under Wu Jian
 11219 | D:9      | Found Isymnut's Assorted Antiques.
 11237 | D:9      | Noticed Joseph
 11243 | D:9      | Killed Joseph
 11244 | D:9      | Reached skill level 9 in Unarmed Combat
 11248 | D:9      | Bought a fizzy yellow potion for 27 gold pieces
 11248 | D:9      | Bought a scroll of identify for 60 gold pieces
 11487 | D:9      | Gained mutation: You are weak. (Str -2) [potion of
                  | mutation]
 11487 | D:9      | Gained mutation: You are strong-willed. (Will+) [potion of
                  | mutation]
 11488 | D:9      | Lost mutation: You are strong-willed. (Will+) [potion of
                  | mutation]
 11488 | D:9      | Lost mutation: You are weak. (Str -2) [potion of mutation]
 11488 | D:9      | Gained mutation: Your spells are a little easier to cast,
                  | but a little less powerful. [potion of mutation]
 11488 | D:9      | Gained mutation: Your mind is acute. (Int +2) [potion of
                  | mutation]
 11489 | D:9      | Lost mutation: Your mind is acute. (Int +2) [potion of
                  | mutation]
 11489 | D:9      | Lost mutation: Your spells are a little easier to cast, but
                  | a little less powerful. [potion of mutation]
 11489 | D:9      | Gained mutation: You are dopey. (Int -2) [potion of
                  | mutation]
 11489 | D:9      | Gained mutation: Armour fits poorly on your strangely
                  | shaped body. [potion of mutation]
 11489 | D:9      | Gained mutation: Your system is resistant to poisons.
                  | (rPois) [potion of mutation]
 11490 | D:9      | Lost mutation: Your system is resistant to poisons. (rPois)
                  | [potion of mutation]
 11490 | D:9      | Gained mutation: You have sharp fingernails. [potion of
                  | mutation]
 11490 | D:9      | Gained mutation: Your muscles are strong. (Str +2) [potion
                  | of mutation]
 11611 | D:9      | Found a staircase to the Lair.
 11767 | D:9      | Found a roughly hewn altar of Beogh.
 12272 | D:10     | Entered Level 10 of the Dungeon
 12799 | D:10     | Noticed a two-headed ogre
 12802 | D:10     | Killed a two-headed ogre
 13015 | D:10     | Noticed a two-headed ogre
 13023 | D:10     | Killed a two-headed ogre
 13104 | D:10     | Killed an unseen horror
 13364 | D:10     | Gained mutation: You are mostly covered in sharp spines.
                  | [demonic ancestry]
 13364 | D:10     | Reached XP level 11. HP: 88/88 MP: 11/11
 13368 | D:10     | Reached skill level 10 in Unarmed Combat
 13535 | D:10     | Noticed a two-headed ogre
 13540 | D:10     | Killed a two-headed ogre
 14410 | D:11     | Noticed a two-headed ogre
 14419 | D:11     | Killed a two-headed ogre
 14562 | Lair:1   | Entered Level 1 of the Lair of Beasts
 14759 | Lair:1   | Reached skill level 5 in Transmutations
 14971 | Lair:1   | Reached ****** piety under Wu Jian
 15084 | Lair:1   | Reached skill level 11 in Unarmed Combat
 15610 | D:4      | Bought a book of Transfigurations for 715 gold pieces
 15617 | D:4      | Learned a level 6 spell: Statue Form
 15820 | Lair:2   | Found a staircase to the Snake Pit.
 15983 | Lair:2   | Reached XP level 12. HP: 94/97 MP: 12/12
 16081 | Lair:2   | Reached skill level 1 in Spellcasting
 16829 | Lair:3   | Found a staircase to the Swamp.
 17093 | Lair:3   | Noticed an eight-headed hydra
 17098 | Lair:3   | Killed an eight-headed hydra
 18347 | Lair:3   | Noticed a sphinx
 18365 | Lair:3   | Noticed Kirke
 18367 | Lair:3   | Paralysed by a sphinx for 5 turns
 18368 | Lair:3   | Noticed a sphinx
 18383 | Lair:3   | Paralysed by a sphinx for 6 turns
 18385 | Lair:3   | HP: 2/98 [sphinx/divine providence[Kirke] (8)]
 18388 | Lair:3   | Killed from afar by a lindwurm

Illustrated notes

Levels and vault maps discovered:
D:1:      lightli_arrival_quake, layout_loops_ring, chequers_avenue
D:2:      layout_loops_ring, minmay_octomino_c4, uniq_terence
D:3:      layout_basic
D:4:      kennysheep_six_static_rooms, layout_loops_ring,
          minmay_temple_entry_statues_pillars, serial_shops,
          nicolae_shop_statue_plus, kennysheep_big_empty_room, uniq_eustachio,
          uniq_pikel
D:5:      layout_loops_ring
D:6:      layout_loops_ring, lemuel_round_altar, hangedman_decor_opposing,
          minmay_misc_feat_encased, minmay_between, uniq_grinder
D:7:      layout_cave_pools, serial_gnoll_camp, gnoll_camp_mini_basic,
          gnoll_camp_mini_hut, gnoll_camp_mini_doghouse,
          gnoll_camp_mini_doghouse, gnoll_camp_huts_basic, gnoll_camp_mini_hut,
          uniq_harold
D:8:      layout_cave_pools
D:9:      layout_roguey, grunt_lair_entry_orc_guard_hut, serial_shops,
          nicolae_shop_temple_entry_statues_fountains, special_room
          [special_room_orc], uniq_joseph
D:10:     layout_irregular_city
D:11:     layout_loops_corners, nicolae_two_hexagons
Temple:   roderic_octagonal_lattice_temple
Lair:1:   lemuel_slime, layout_hall_layers, minmay_hedge_maze, minivault_23
Lair:2:   layout_roguey, minmay_snake_entry_guardpost_small
Lair:3:   layout_roguey, minmay_swamp_entry_swarm, serial_bayou_shore_b,
          grunt_megastairs_5
Lair:4:   layout_big_grid, lemuel_fruit_fields, serial_bayou_shore_b, uniq_kirke

Skill      XL: |  1  2  3  4  5  6  7  8  9 10 11 12 |
---------------+-------------------------------------+-----
Unarmed Combat | 3 4 5 6 7 8 9 11 | 11.8
Dodging        | 3 4 5 6 7 8 |  8.6
Armour         | 1 2 3 4 5 6 7 8 |  8.3
Fighting       | 4 5 6 7 8 9 |  9.5
Transmutations | 2 4 5 7 |  7.2
Spellcasting   | 3 |  3.0
Stealth        | |  1.7

Action                   |  1- 3 |  4- 6 |  7- 9 | 10-12 || total
-------------------------+-------+-------+-------+-------++-------
Melee: Unarmed           |   136 |   319 |   439 |   596 ||  1490
       Headbutt          |    14 |    50 |    87 |   137 ||   288
       Punch             |       |     7 |    10 |    22 ||    39
Invok: Lunge             |       |       |    41 |    53 ||    94
       Whirlwind         |       |       |     6 |     7 ||    13
Evoke: Wand              |       |       |       |     1 ||     1
  Use: Scroll            |     8 |     6 |     4 |    12 ||    30
       Potion            |     3 |       |     1 |     7 ||    11
 Stab: Sleeping          |     2 |     7 |     6 |     6 ||    21
       Distracted        |       |       |     3 |     1 ||     4
       Confused          |       |       |     1 |       ||     1
Armor: Robe              |    37 |    84 |   103 |    15 ||   239
       Skin              |       |       |     5 |       ||     5
       Chain mail        |       |       |       |   202 ||   202
Dodge: Dodged            |    95 |   186 |   271 |   227 ||   779

Table legend: (Time is in decaauts)
 A = Elapsed time spent in this place.
 B = Non-inter-level travel time spent in this place.
 C = Inter-level travel time spent in this place.
 D = Time resting spent in this place.
 E = Time spent auto-exploring this place.
 F = Levels seen in this place.
 G = Mean time per level.
                   A        B        C        D        E       F      G
               +--------+--------+--------+--------+--------+-----+--------+
         Total |  18249 |  17449 |    800 |   4740 |   9919 |  16 | 1140.6 |
       Dungeon |  14393 |  13809 |    584 |   4338 |   7111 |  11 | 1308.5 |
        Temple |    277 |    241 |     36 |      0 |    239 |   1 |  277.0 |
          Lair |   3578 |   3399 |    179 |    402 |   2569 |   4 |  894.5 |
               +--------+--------+--------+--------+--------+-----+--------+

Top non-repeatable levels by time:
     D:1: 1959 daAuts
     D:2: 1787 daAuts
     D:6: 1748 daAuts
     D:9: 1466 daAuts
     D:3: 1307 daAuts
     D:5: 1215 daAuts
     D:4: 1213 daAuts
    D:10: 1199 daAuts
  Lair:3: 1138 daAuts
  Lair:1: 968 daAuts
     D:7: 958 daAuts
    D:11: 953 daAuts
  Lair:2: 910 daAuts
     D:8: 584 daAuts
  Lair:4: 560 daAuts
